PAA
SALEM MISFITS @ LITTLE CAESARS HOT N READYS
09/13/2028
 
TOP OF THE 1ST
Salem Misfits batting - Pitching for Little Caesars Hot N Readys : RHP Kyuichi Hori
Pitching: RHP Kyuichi Hori
Batting: LHB Rodrigo Gómez 0-0: Foul Ball, location: 2F
0-1: Foul Ball, location: 2F
0-2: Fly out, F7 (Flyball, 78S)
Batting: LHB José Cuervo 0-0: Called Strike
0-1: Ball
1-1: Foul Ball, location: 2F
1-2: Fly out, F4 (Flyball, 4MD)
Batting: RHB Ramón Ávila 0-0: Called Strike
0-1: Ball
1-1: Called Strike
1-2: Ball
2-2: Ball
3-2: Foul Ball, location: 2F
3-2: SINGLE (Flyball, 9LM)
Batting: LHB Tyler Knopp 0-0: SINGLE (Flyball, 89S)
Ramón Ávila to second
Runner from 2nd tries for 3rd, SAFE, no throw
Batting: LHB Austin Hathaway 0-0: Ball
1-0: Ball
2-0: Ball
3-0: Called Strike
3-1: Foul Ball, location: 2F
3-2: Base on Balls
Tyler Knopp to second
Batting: LHB Cris Gonzáles 0-0: Ball
1-0: Called Strike
1-1: Ball
2-1: Ball
3-1: Base on Balls
Ramón Ávila scores
Tyler Knopp to third
Austin Hathaway to second
Batting: RHB Vicente Andros 0-0: Ball
1-0: Ball
2-0: Ball
3-0: Called Strike
3-1: Base on Balls
Tyler Knopp scores
Austin Hathaway to third
Cris Gonzáles to second
Batting: RHB Ryan Fiore 0-0: Called Strike
0-1: Called Strike
0-2: Ball
1-2: Strikes out swinging
Top of the 1st over - 2 run(s), 2 hit(s), 0 error(s), 3 left on base; Salem 2 - Little Caesars 0
BOTTOM OF THE 1ST
Little Caesars Hot N Readys batting - Pitching for Salem Misfits : LHP Jerry Pellerin
Pitching: LHP Jerry Pellerin
Batting: LHB Pedro García 0-0: Called Strike
0-1: Called Strike
0-2: Ball
1-2: Ground out 6-3 (Groundball, 56)
Batting: RHB Mike Taylor 0-0: Foul Ball, location: 2F
0-1: Foul Ball, location: 2F
0-2: Foul Ball, location: 2F
0-2: Ball
1-2: Ground out 5-3 (Groundball, 56)
Batting: RHB Lorenzo Ruíz 0-0: Ball
1-0: Ball
2-0: Swinging Strike
2-1: Foul Ball, location: 2F
2-2: Ball
3-2: Base on Balls
Batting: RHB Luis Aragón 0-0: SINGLE (Groundball, 6MD)
Lorenzo Ruíz to second
Runner from 2nd tries for 3rd, SAFE, throw made to third
Batting: RHB Júlio Morín 0-0: Called Strike
0-1: Ball
1-1: Foul Ball, location: 2F
1-2: Strikes out looking
Bottom of the 1st over - 0 run(s), 1 hit(s), 0 error(s), 2 left on base; Salem 2 - Little Caesars 0
TOP OF THE 2ND
Salem Misfits batting - Pitching for Little Caesars Hot N Readys : RHP Kyuichi Hori
Batting: RHB Paul O'Neill 0-0: Ball
1-0: Called Strike
1-1: Ball
2-1: Foul Ball, location: 2F
2-2: Foul Ball, location: 2F
2-2: Ground out 4-3 (Groundball, 4)
Batting: LHB Rodrigo Gómez 0-0: Called Strike
0-1: Called Strike
0-2: Strikes out swinging
Batting: LHB José Cuervo 0-0: Swinging Strike
0-1: Ground out 1-3 (Groundball, 15)
Top of the 2nd over - 0 run(s), 0 hit(s), 0 error(s), 0 left on base; Salem 2 - Little Caesars 0
BOTTOM OF THE 2ND
Little Caesars Hot N Readys batting - Pitching for Salem Misfits : LHP Jerry Pellerin
Batting: LHB Sean Angwin 0-0: Ball
1-0: Ball
2-0: Called Strike
2-1: Ball
3-1: Base on Balls
Batting: SHB Tony Gutiérrez 0-0: Called Strike
0-1: Ball
1-1: Called Strike
1-2: Strikes out swinging
Batting: SHB Bernard Gauthier 0-0: Foul Ball, location: 2F
0-1: Ball
1-1: Swinging Strike
1-2: Strikes out looking
Batting: SHB Allen Pandey 0-0: Called Strike
0-1: Ball
1-1: Ball
2-1: Ball
3-1: Base on Balls
Sean Angwin to second
Batting: LHB Pedro García 0-0: Fly out, F3 (Popup, 3D)
Bottom of the 2nd over - 0 run(s), 0 hit(s), 0 error(s), 2 left on base; Salem 2 - Little Caesars 0
TOP OF THE 3RD
Salem Misfits batting - Pitching for Little Caesars Hot N Readys : RHP Kyuichi Hori
Batting: RHB Ramón Ávila 0-0: Called Strike
0-1: Ball
1-1: Foul Ball, location: 2F
1-2: Foul Ball, location: 2F
1-2: Ball
2-2: Foul Ball, location: 2F
2-2: SINGLE (Line Drive, 4MD)
Batting: LHB Tyler Knopp 0-0: Foul Ball, location: 2F
0-1: Ball
1-1: Called Strike
1-2: Ball
2-2: Foul Ball, location: 2F
2-2: Strikes out looking
Batting: LHB Austin Hathaway 0-0: Ball
1-0: Called Strike
1-1: Ball
2-1: Ball
3-1: Base on Balls
Ramón Ávila to second
Batting: LHB Cris Gonzáles 0-0: Foul Ball, location: 2F
0-1: Foul Ball, location: 2F
0-2: Foul Ball, location: 2F
0-2: Ball
1-2: Ball
2-2: Ball
3-2: Reached on error, E4 (Groundball, 4)
Ramón Ávila to third
Austin Hathaway to second
Batting: RHB Vicente Andros 0-0: Ball
1-0: Called Strike
1-1: Swinging Strike
1-2: Ball
2-2: Foul Ball, location: 2F
2-2: Foul Ball, location: 2F
2-2: Ball
3-2: Strikes out swinging
Batting: RHB Ryan Fiore 0-0: Fly out, F9 (Flyball, 9LM)
Top of the 3rd over - 0 run(s), 1 hit(s), 1 error(s), 3 left on base; Salem 2 - Little Caesars 0
BOTTOM OF THE 3RD
Little Caesars Hot N Readys batting - Pitching for Salem Misfits : LHP Jerry Pellerin
Batting: RHB Mike Taylor 0-0: Swinging Strike
0-1: Ball
1-1: Foul Ball, location: 2F
1-2: Ball
2-2: SOLO HOME RUN (Flyball, 89XD), Distance : 422 ft
Batting: RHB Lorenzo Ruíz 0-0: Hit by Pitch
Batting: RHB Luis Aragón 0-0: Ball
1-0: Foul Ball, location: 2F
1-1: Fly out, F4 (Line Drive, 4)
Batting: RHB Júlio Morín 0-0: Foul Ball, location: 2F
0-1: Ball
1-1: Swinging Strike
1-2: Foul Ball, location: 2F
1-2: SINGLE (Line Drive, 8LS)
Lorenzo Ruíz to second
Batting: LHB Sean Angwin 0-0: Called Strike
0-1: SINGLE (Line Drive, 89S)
Lorenzo Ruíz to third
Júlio Morín to second
Runner from 3rd tries for Home, SAFE, throw made home
Júlio Morín to third
Sean Angwin to second
Batting: SHB Tony Gutiérrez 0-0: Ball
1-0: Fly out, F5 (Line Drive, 5)
Lined into DP, U5 (Line Drive, 5)
Bottom of the 3rd over - 2 run(s), 3 hit(s), 0 error(s), 1 left on base; Salem 2 - Little Caesars 2
TOP OF THE 4TH
Salem Misfits batting - Pitching for Little Caesars Hot N Readys : RHP Kyuichi Hori
Now at 1B: Steve Hilburn
Batting: RHB Paul O'Neill 0-0: Called Strike
0-1: Swinging Strike
0-2: Strikes out looking
Batting: LHB Rodrigo Gómez 0-0: Ground out 4-3 (Groundball, 4)
Batting: LHB José Cuervo 0-0: Ball
1-0: Ball
2-0: Ball
3-0: Base on Balls
Batting: RHB Ramón Ávila 0-0: Ball
1-0: Foul Ball, location: 2F
1-1: Swinging Strike
1-2: Strikes out swinging
Top of the 4th over - 0 run(s), 0 hit(s), 0 error(s), 1 left on base; Salem 2 - Little Caesars 2
BOTTOM OF THE 4TH
Little Caesars Hot N Readys batting - Pitching for Salem Misfits : LHP Jerry Pellerin
Batting: SHB Bernard Gauthier 0-0: Called Strike
0-1: Foul Ball, location: 2F
0-2: Ball
1-2: SOLO HOME RUN (Flyball, 7D), Distance : 399 ft
Batting: SHB Allen Pandey 0-0: Ball
1-0: Called Strike
1-1: Foul Ball, location: 2F
1-2: Strikes out swinging, 2-3 out at first.
Batting: LHB Pedro García 0-0: Called Strike
0-1: Ball
1-1: Called Strike
1-2: Ball
2-2: Ground out 6-3 (Groundball, 6)
Batting: RHB Mike Taylor 0-0: Ball
1-0: Ball
2-0: Called Strike
2-1: Fly out, F8 (Flyball, 8LM)
Bottom of the 4th over - 1 run(s), 1 hit(s), 0 error(s), 0 left on base; Salem 2 - Little Caesars 3
TOP OF THE 5TH
Salem Misfits batting - Pitching for Little Caesars Hot N Readys : RHP Kyuichi Hori
Batting: LHB Tyler Knopp 0-0: Swinging Strike
0-1: Called Strike
0-2: Ball
1-2: Ball
2-2: Fly out, F7 (Flyball, 7)
Batting: LHB Austin Hathaway 0-0: Swinging Strike
0-1: Foul Ball, location: 2F
0-2: Strikes out swinging
Batting: LHB Cris Gonzáles 0-0: Ball
1-0: Ball
2-0: Ball
3-0: Called Strike
3-1: Swinging Strike
3-2: Base on Balls
Batting: RHB Vicente Andros 0-0: Ball
Cris Gonzáles is caught stealing 2nd base
Top of the 5th over - 0 run(s), 0 hit(s), 0 error(s), 0 left on base; Salem 2 - Little Caesars 3
BOTTOM OF THE 5TH
Little Caesars Hot N Readys batting - Pitching for Salem Misfits : LHP Jerry Pellerin
Batting: RHB Steve Hilburn 0-0: Ball
1-0: Called Strike
1-1: Swinging Strike
1-2: Fly out, F9 (Flyball, 9S)
Batting: RHB Luis Aragón 0-0: Foul Ball, location: 2F
0-1: Called Strike
0-2: Strikes out swinging
Batting: RHB Júlio Morín 0-0: Called Strike
0-1: Ball
1-1: Ball
2-1: Ball
3-1: SINGLE (Flyball, 8LS)
Batting: LHB Sean Angwin 0-0: Called Strike
0-1: Ball
1-1: Fly out, F8 (Flyball, 8LM)
Bottom of the 5th over - 0 run(s), 1 hit(s), 0 error(s), 1 left on base; Salem 2 - Little Caesars 3
TOP OF THE 6TH
Salem Misfits batting - Pitching for Little Caesars Hot N Readys : RHP Kyuichi Hori
Batting: RHB Vicente Andros 0-0: Ball
1-0: Foul Ball, location: 2F
1-1: Ball
2-1: Fly out, F7 (Flyball, 7LS)
Batting: RHB Ryan Fiore 0-0: Called Strike
0-1: Ball
1-1: Foul Ball, location: 2F
1-2: Ball
2-2: SINGLE (Groundball, 56D)
Pitching: RHP Gabriel Escobar
Batting: RHB Paul O'Neill 0-0: Fielders Choice at 2nd, 4-6 (Groundball, 4)
Batting: LHB Rodrigo Gómez 0-0: Ball
1-0: Foul Ball, location: 2F
1-1: Ball
2-1: Reached on error, E7 (Flyball, 7)
Paul O'Neill to third
Batting: LHB José Cuervo 0-0: Foul Ball, location: 2F
0-1: Swinging Strike
0-2: Foul Ball, location: 2F
0-2: Strikes out swinging
Top of the 6th over - 0 run(s), 1 hit(s), 1 error(s), 2 left on base; Salem 2 - Little Caesars 3
BOTTOM OF THE 6TH
Little Caesars Hot N Readys batting - Pitching for Salem Misfits : LHP Jerry Pellerin
Batting: SHB Tony Gutiérrez 0-0: Called Strike
0-1: Ball
1-1: Swinging Strike
1-2: Ball
2-2: Fly out, F5 (Popup, 5D)
Batting: SHB Bernard Gauthier 0-0: Ball
1-0: Fly out, F8 (Flyball, 8RS)
Batting: SHB Allen Pandey 0-0: Called Strike
0-1: Ball
1-1: Foul Ball, location: 2F
1-2: SINGLE (Flyball, 8RS)
Batting: LHB Pedro García 0-0: Called Strike
0-1: Ball
1-1: SINGLE (Groundball, 56) (infield hit)
Allen Pandey to second
Batting: RHB Mike Taylor 0-0: Called Strike
0-1: Ball
1-1: Foul Ball, location: 2F
1-2: Fly out, F4 (Popup, 3D)
Bottom of the 6th over - 0 run(s), 2 hit(s), 0 error(s), 2 left on base; Salem 2 - Little Caesars 3
TOP OF THE 7TH
Salem Misfits batting - Pitching for Little Caesars Hot N Readys : RHP Gabriel Escobar
Batting: RHB Ramón Ávila 0-0: Foul Ball, location: 2F
0-1: Ball
1-1: Ball
2-1: Foul Ball, location: 2F
2-2: Foul Ball, location: 2F
2-2: Foul Ball, location: 2F
2-2: Foul Ball, location: 2F
2-2: Ball
3-2: Foul Ball, location: 2F
3-2: SINGLE (Line Drive, 56)
Batting: LHB Tyler Knopp 0-0: Swinging Strike
0-1: Ball
1-1: Foul Ball, location: 2F
1-2: Strikes out swinging
Batting: LHB Austin Hathaway 0-0: Ball
1-0: Foul Ball, location: 2F
1-1: Called Strike
1-2: Strikes out looking
Batting: LHB Cris Gonzáles 0-0: Called Strike
0-1: Ball
1-1: Fielders Choice at 2nd, 4-6 (Groundball, 4)
Top of the 7th over - 0 run(s), 1 hit(s), 0 error(s), 0 left on base; Salem 2 - Little Caesars 3
BOTTOM OF THE 7TH
Little Caesars Hot N Readys batting - Pitching for Salem Misfits : LHP Jerry Pellerin
Batting: RHB Steve Hilburn 0-0: Ball
1-0: Fly out, F6 (Line Drive, 6)
Batting: RHB Luis Aragón 0-0: Ball
1-0: Foul Ball, location: 2F
1-1: Swinging Strike
1-2: Ground out 6-3 (Groundball, 6M)
Batting: RHB Júlio Morín 0-0: Foul Ball, location: 2F
0-1: Ball
1-1: Ball
2-1: SINGLE (Line Drive, 9LM)
Pitching: LHP Suezo Amano
Pinch Hitting: LHB Lance Antle 0-0: Called Strike
0-1: Ball
Throwing error on steal attempt, E2
Júlio Morín to third
1-1: Ball
2-1: Ball
3-1: 2-RUN HOME RUN (Flyball, 8RXD), Distance : 438 ft
Batting: SHB Tony Gutiérrez 0-0: Ball
1-0: Ground out 4-3 (Groundball, 4)
Bottom of the 7th over - 2 run(s), 2 hit(s), 1 error(s), 0 left on base; Salem 2 - Little Caesars 5
TOP OF THE 8TH
Salem Misfits batting - Pitching for Little Caesars Hot N Readys : RHP Gabriel Escobar
Now in CF: Lance Antle
Batting: RHB Vicente Andros 0-0: Ball
1-0: Ball
2-0: Called Strike
2-1: Ball
3-1: Foul Ball, location: 2F
3-2: Base on Balls
Pitching: RHP Leif Mayer
Batting: RHB Ryan Fiore 0-0: Called Strike
0-1: Grounds into double play, 6-4-3 (Groundball, 6)
Batting: RHB Paul O'Neill 0-0: Ground out 6-3 (Groundball, 6)
Top of the 8th over - 0 run(s), 0 hit(s), 0 error(s), 0 left on base; Salem 2 - Little Caesars 5
BOTTOM OF THE 8TH
Little Caesars Hot N Readys batting - Pitching for Salem Misfits : LHP Suezo Amano
Batting: SHB Bernard Gauthier 0-0: Ball
1-0: Swinging Strike
1-1: Called Strike
1-2: Strikes out looking
Batting: SHB Allen Pandey 0-0: Ball
1-0: Called Strike
1-1: Called Strike
1-2: Ball
2-2: Strikes out swinging
Batting: LHB Pedro García 0-0: Ball
1-0: Ball
2-0: SINGLE (Line Drive, 7S)
Batting: RHB Mike Taylor 0-0: Fly out, F9 (Flyball, 9LS)
Bottom of the 8th over - 0 run(s), 1 hit(s), 0 error(s), 1 left on base; Salem 2 - Little Caesars 5
TOP OF THE 9TH
Salem Misfits batting - Pitching for Little Caesars Hot N Readys : RHP Leif Mayer
Pitching: RHP Kermit Sebold
Batting: LHB Rodrigo Gómez 0-0: Ball
1-0: Foul Ball, location: 2F
1-1: Fly out, F8 (Flyball, 8RS)
Batting: LHB José Cuervo 0-0: Foul Ball, location: 2F
0-1: Called Strike
0-2: Strikes out swinging
Batting: RHB Ramón Ávila 0-0: Ball
1-0: Ball
2-0: Ball
3-0: Called Strike
3-1: Fly out, F9 (Flyball, 9S)
Top of the 9th over - 0 run(s), 0 hit(s), 0 error(s), 0 left on base; Salem 2 - Little Caesars 5
Tuesday, September 5th, 2017 - OOTP Baseball 17.12 Build 75